 Dungeon Crawl Stone Soup version 0.27-a0-909-g0721f309d1 (console) character file.

Game seed: 7251462279838966451

436 jejorda2 the Slasher (level 7, 0/55 HPs)
             Began as a Merfolk Berserker on Apr 8, 2021.
             Was a Believer of Trog.
             Slain by a yak (10 damage)
             ... on level 3 of the Dungeon.
             The game lasted 00:03:43 (3469 turns).

jejorda2 the Slasher (Merfolk Berserker)            Turns: 3469, Time: 00:03:44

Health: 0/55       AC: 11    Str: 19    XL:     7   Next: 1%
Magic:  7/7        EV:  9    Int:  7    God:    Trog [**....]
Gold:   140        SH:  0    Dex: 13    Spells: 6/6 levels left

rFire    . . .     SeeInvis .   a - +0 falchion
rCold    . . .     Faith    .   (no shield)
rNeg     . . .     Spirit   .   f - +0 chain mail
rPois    .         Reflect  .   e - +0 helmet
rElec    .         Harm     .   (no cloak)
rCorr    .         Rampage  .   (no gloves)
Will     ++...                  k - +0 pair of boots
Stlth    ..........             (no amulet)
HPRegen  1.18/turn              (no ring)
MPRegen  0.10/turn              (no ring)

@: on berserk cooldown, regenerating, slowed, very slow
A: (nimble swimmer 2), mertail
a: Renounce Religion, Berserk, Trog's Hand


You were on level 3 of the Dungeon.
You worshipped Trog.
Trog was pleased with you.
You visited 1 branch of the dungeon, and saw 4 of its levels.

You collected 140 gold pieces.

Inventory:

Hand Weapons
 a - a +0 falchion (weapon)
Missiles
 j - 19 poisoned darts (quivered)
Armour
 e - a +0 helmet (worn)
 f - a +0 chain mail (worn)
 k - a +0 pair of boots (worn)
Scrolls
 c - 3 scrolls of identify {unknown}
 g - a scroll of fog {unknown}
 h - a scroll of teleportation {unknown}
Potions
 b - a potion of degeneration {unknown}
 d - 3 potions of heal wounds {unknown}
 i - a potion of invisibility {unknown}


   Skills:
 + Level 4.5 Fighting
 * Level 5.5 Long Blades
 * Level 3.3 Armour
 + Level 4.4 Dodging


You had 6 spell levels left.
You didn't know any spells.
Your spell library was empty.

Dungeon Overview and Level Annotations

Branches:
Dungeon (4/15)
 Temple: D:4-7

Altars:


Innate Abilities, Weirdness & Mutations

((You are quick and stealthy near water. (Stealth+, EV+, Speed+++)))
Your lower body shifts to a powerful aquatic tail in water.


Message History

You have reached level 7!
The yak gores you. The yak gores you!
There is a stone staircase leading up, spattered with blood here.
Items here: ††.
The yak barely misses you.
You riposte.
You hit the yak but do no damage.
You climb upwards.
There is a stone staircase leading down here.
Your skin crawls.
You feel strong-willed. The yak gores you. The yak barely misses you.
You riposte.
You hit the yak.
The yak is lightly wounded.
You closely miss the yak.
The yak is lightly wounded.
The yak gores you but does no damage.
You slash the yak!
The yak is moderately wounded.
The yak gores you but does no damage. The yak closely misses you.
You hit the yak.
The yak is heavily wounded.
The yak barely misses you.
You riposte.
You hit the yak but do no damage.
The yak is heavily wounded.
You barely miss the yak.
The yak is heavily wounded.
The yak gores you but does no damage. The yak barely misses you.
You riposte.
You hit the yak.
The yak is heavily wounded.
You hit the yak but do no damage.
The yak is heavily wounded.
The yak gores you!
You hit the yak.
The yak is heavily wounded.
The yak gores you!
* * * LOW HITPOINT WARNING * * *
The yak gores you but does no damage.
You hit the yak.
The yak is severely wounded.
The yak gores you!
* * * LOW HITPOINT WARNING * * *
The yak gores you!
You die...

.#.# #.###+#...#..# #....####
.#.# #............###..#.#
.#.###.................#.######
..............................#
.#.##..###+##.....###..####.###
.#.##..##.........<....# #.#
.#.##..#..###.....####.# #.#
...##.....#)#...Y......# #.#
##.##.#..##.##..@...##.####.###
...##.#..#...#................#
..........###..#.......####.###
......#..#...#.......#.####.#
.........##.##..............#
...##.#...#.#...##.#...####.#
...........#...###.###.# #.#
..#####...###..# #.# #.# #.#
...........#÷..# #.# ### #.#


You could see a yak.

Vanquished Creatures
  2 yaks (D:4)
  A hound (D:4)
  3 adders
  3 gnolls (D:2)
  3 worms
  4 ball pythons
  4 bats (D:1)
  6 endoplasms
  2 giant cockroaches
  7 goblins
  3 hobgoblins
  4 jackals (D:2)
  3 frilled lizards
  4 kobolds
  A quokka skeleton (D:4)
  4 rats
54 creatures vanquished.

Notes
Turn   | Place    | Note
-------+----------+-------------------------------------------
     0 | D:1      | jejorda2 the Merfolk Berserker began the quest for the Orb.
     0 | D:1      | Reached XP level 1. HP: 18/18 MP: 1/1
   250 | D:1      | Reached XP level 2. HP: 24/24 MP: 2/2
  1012 | D:2      | Reached XP level 3. HP: 29/29 MP: 3/3
  1375 | D:2      | Reached ** piety under Trog
  1376 | D:2      | Reached skill level 4 in Long Blades
  1376 | D:2      | Reached XP level 4. HP: 21/37 MP: 4/4
  2671 | D:3      | Found a faded altar of an unknown god.
  3364 | D:4      | Reached XP level 5. HP: 42/42 MP: 5/5
  3438 | D:4      | Noticed a yak
  3438 | D:4      | Noticed a yak
  3449 | D:4      | Noticed a yak
  3450 | D:4      | Killed a yak
  3451 | D:4      | Reached skill level 5 in Long Blades
  3451 | D:4      | Reached XP level 6. HP: 48/48 MP: 6/6
  3458 | D:4      | Killed a yak
  3459 | D:4      | Reached XP level 7. HP: 40/55 MP: 7/7
  3469 | D:3      | Slain by a yak

Illustrated notes

Levels and vault maps discovered:
D:1:      lightli_arrival_flooded_house, layout_basic, minmay_misc_feat_square,
          chequers_mini_garden, moated_statue, kennysheep_minor_cross
D:2:      layout_basic
D:3:      layout_basic, ebering_ecumenical_altar_abandoned, minmay_ruptured
D:4:      layout_rooms, general_overflow_altar, serial_shops,
          kennysheep_mini_moat

Skill      XL: |  1  2  3  4  5 |
---------------+----------------+-----
Dodging        | 3 4 |  4.4
Armour         | 2 3 |  3.3
Long Blades    | 4 5 |  5.5
Fighting       | 4 |  4.5

Action                   |  1- 3 |  4- 6 |  7- 9 || total
-------------------------+-------+-------+-------++-------
Melee: Falchion          |    99 |   107 |     7 ||   213
Invok: Berserk           |     2 |     2 |       ||     4
       Trog's Hand       |       |       |     1 ||     1
 Stab: Sleeping          |     1 |       |       ||     1
Armor: Animal skin       |     8 |       |       ||     8
       Chain mail        |    28 |    46 |     4 ||    78
Dodge: Dodged            |    44 |    30 |     5 ||    79
       Rpst.: Falchion   |    12 |     9 |     4 ||    25

Table legend: (Time is in decaauts)
 A = Elapsed time spent in this place.
 B = Non-inter-level travel time spent in this place.
 C = Inter-level travel time spent in this place.
 D = Time resting spent in this place.
 E = Time spent auto-exploring this place.
 F = Levels seen in this place.
 G = Mean time per level.
                   A        B        C        D        E       F      G
               +--------+--------+--------+--------+--------+-----+--------+
         Total |   3510 |   3412 |     98 |    249 |   2695 |   4 |  877.5 |
       Dungeon |   3510 |   3412 |     98 |    249 |   2695 |   4 |  877.5 |
               +--------+--------+--------+--------+--------+-----+--------+

Top non-repeatable levels by time:
     D:2: 1398 daAuts
     D:3: 1061 daAuts
     D:1: 984 daAuts
     D:4: 66 daAuts
